 Dungeon Crawl Stone Soup version 0.23.2-1-ga50397a (webtiles) character file.

Game seed: 13934080360432183262

10902 kae the Transmogrifier (level 11, -6/77 HPs)
             Began as a White Draconian Transmuter on May 17, 2019.
             Was an Elder of Makhleb.
             Mangled by a troll (11 damage)
             ... on level 10 of the Dungeon.
             The game lasted 00:16:03 (11684 turns).

kae the Transmogrifier (DrTm)                      Turns: 11684, Time: 00:16:03

Health: -6/77      AC: 14    Str: 17    XL:     11   Next: 42%
Magic:  23/23      EV: 12    Int: 14    God:    Makhleb [****..]
Gold:   480        SH:  0    Dex: 17    Spells: 16/27 levels left

rFire    . . .     SeeInvis .     - Unarmed
rCold    + + .     Gourm    .   (shield currently unavailable)
rNeg     . . .     Faith    .   (armour unavailable)
rPois    +         Spirit   .   t - +2 hat
rElec    .         Reflect  .   y - +2 cloak {rPois}
rCorr    .         Harm     .   (gloves currently unavailable)
MR       .....     Clarity  +   h - +1 pair of boots
Stlth    +.........             l - amulet of magic regeneration
HPRegen  0.22/turn              j - ring of wizardry
MPRegen  0.43/turn              E - ring of protection from cold

@: mighty, blade hands, glowing
A: breathe frost, unfitting armour, agile 1, clarity, cold resistance 1,
cold-blooded, AC +7
a: Breathe Frost, End Transformation, Minor Destruction, Lesser Servant of
Makhleb, Major Destruction, Renounce Religion


You were on level 10 of the Dungeon.
You worshipped Makhleb.
Makhleb was greatly pleased with you.
You were not hungry.
You had blades for hands.
You visited 1 branch of the dungeon, and saw 10 of its levels.

You collected 480 gold pieces.

Inventory:

Missiles
 a - 135 arrows
Armour
 h - a +1 pair of boots (worn)
 m - a +1 cloak
 t - a +2 hat (worn)
 y - a +2 cloak of poison resistance (worn)
Jewellery
 d - an uncursed amulet of faith
 j - a ring of wizardry (left scythe-like blade)
 l - an amulet of magic regeneration (around neck)
 D - an uncursed ring of ice
 E - a ring of protection from cold (right scythe-like blade)
Wands
 o - a wand of enslavement (2)
 q - a wand of flame (24)
 A - a wand of polymorph (15)
 C - a wand of acid (16)
Scrolls
 b - 7 scrolls of remove curse
 f - 4 scrolls of identify
 g - 5 scrolls of teleportation
 k - a scroll of blinking
 n - a scroll of noise
 r - a scroll of immolation {unknown}
 u - 3 scrolls of fog
 z - a scroll of enchant weapon
 F - a scroll of brand weapon {unknown}
Potions
 e - 4 potions of heal wounds
 i - a potion of resistance
 p - 4 potions of curing
 s - a potion of ambrosia
 v - a potion of cancellation
 w - a potion of agility
 x - a potion of brilliance
 G - a potion of berserk rage {unknown}
 I - a potion of lignification {unknown}
Comestibles
 c - 16 rations


   Skills:
 - Level 1.1 Fighting
 - Level 1.7 Dodging
 + Level 9.7 Unarmed Combat
 + Level 8.5 Spellcasting
 * Level 12.8 Transmutations


You had 16 spell levels left.
You knew the following spells:

 Your Spells              Type           Power        Failure   Level  Hunger
a - Beastly Appendage     Tmut           #####.       2%          1    None
b - Sticks to Snakes      Tmut           #####...     2%          2    None
c - Spider Form           Tmut/Pois      ###.......   10%         3    ##.....
d - Blade Hands           Tmut           #####.....   9%          5    #####..

Your spell library contained the following spells:

 Spells                   Type           Power        Failure   Level  Hunger
 Ice Form                 Ice/Tmut       ###.....     19%         4    ####...
 Corona                   Hex            #......      22%         1    None
 Magic Dart               Conj           #...         22%         1    None
 Sting                    Conj/Pois      #...         22%         1    None
 Poisonous Vapours        Pois/Air       #.....       30%         2    None
 Searing Ray              Conj           #.....       30%         2    None
 Slow                     Hex            #.......     30%         2    None
 Dazzling Spray           Conj/Hex       #.....       45%         3    ##.....
 Inner Flame              Hex/Fire       #.......     45%         3    ##.....
 Mephitic Cloud           Conj/Pois/Air  #.......     45%         3    ##.....
 Portal Projectile        Hex/Tloc       #.....       45%         3    ##.....
 Cause Fear               Hex            #.........   75%         4    ####...
 Force Lance              Conj/Tloc      #.......     75%         4    ####...
 Fulminant Prism          Conj/Hex       #.........   75%         4    ####...
 Iskenderun's Mystic Bla  Conj           #.......     75%         4    ####...
 Leda's Liquefaction      Hex/Erth       #.........   75%         4    ####...
 Olgreb's Toxic Radiance  Pois           #.......     75%         4    ####...
 Venom Bolt               Conj/Pois      #.........   95%         5    #####..


Dungeon Overview and Level Annotations

Branches:
Dungeon (10/15)            Temple (0/1) D:6             Orc (0/2) D:9
   Lair: D:8-11

Altars:
Cheibriados
Elyvilon
Makhleb
Nemelex Xobeh
Ru
Sif Muna
Vehumet
Xom
Yredelemnul

Shops:
D:4 :   D:5 (   D:7 %

Annotations:
D:10 exclusions: 3 death yaks and orange crystal statue


Innate Abilities, Weirdness & Mutations

You can breathe waves of freezing cold.
You can buffet flying creatures when you breathe cold.
Your icy white scales are hard. (AC +7)
You cannot fit into any form of body armour.
Your flesh is cold resistant. (rC+)
You are cold-blooded and may be slowed by cold attacks.
You are agile. (Dex +2)
You possess an exceptional clarity of mind.


Message History

The troll closely misses you.
Unknown command.
Unknown command.
You hit the troll.
The troll is lightly wounded.
The troll bites you!
* * * LOW HITPOINT WARNING * * *
The troll barely misses you. The troll claws you.
* * * LOW HITPOINT WARNING * * *
You slice the gnoll!!
You kill the gnoll!
Makhleb accepts your kill.
You feel better.
All of the chunks of flesh in your inventory have rotted away.
The troll bites you.
* * * LOW HITPOINT WARNING * * *
The troll claws you!
* * * LOW HITPOINT WARNING * * *
The troll claws you!
You die...

........Y .... .Tg#......#
......... ... ...g......#
......... ..####.r...O.# ..
##### ...####...#.r.....# ...
....# ...........#.......#....
....# ..........)###'#'###....
....####.........O..gg.........
.......+.>......T######........
##.....#........@# #........
.#######.........# #.....(..
.................# #........
.................# #........
.................######...)....
##.............................
#..................###........
#...............#### #......##
#....#####......# #......#


You could see a two-headed ogre and a troll.

Vanquished Creatures
  Gastronok (D:9)
  3 death yaks (D:10)
  Joseph (D:9)
  Psyche (D:9)
  A hornet (D:9)
  A hippogriff (D:8)
  6 yaks (D:9)
  A vampire (D:10)
  A human (D:9)
  A hungry ghost (D:8)
  A warg (D:8)
  Duvessa (D:6)
  A porcupine (D:10)
  4 orc warriors
  2 ice beasts
  3 sky beasts
  4 phantoms
  3 ogres
  2 centaurs
  8 bullfrogs
  2 big kobolds
  A wyvern zombie (D:8)
  Dowan (D:6)
  2 scorpions
  11 killer bees
  4 wights (D:7)
  A howler monkey (D:6)
  6 crimson imps
  3 bullfrog zombies
  A quasit (D:8)
  6 jellies
  2 bullfrog skeletons
  A gnoll shaman (D:10)
  10 orc priests
  Crazy Yiuf (D:6)
  A centaur skeleton (D:10)
  A hound (D:8)
  6 orc wizards
  4 iguanas
  3 worker ants
  A hound zombie (D:6)
  2 worker ant zombies
  10 adders
  5 gnolls
  A howler monkey skeleton (D:5)
  6 oozes
  3 adder skeletons
  A worm (D:2)
  2 dart slugs
  3 leopard geckos
  57 orcs
  5 giant cockroaches
  8 goblins
  5 hobgoblins
  17 kobolds
  4 quokkas
  A ball python (D:4)
  7 bats
  3 frilled lizards
  2 giant cockroach zombies (D:5)
  2 leopard gecko zombies (D:6)
  A quokka skeleton (D:6)
  7 rats
  A spectral orc (D:6)
267 creatures vanquished.

Vanquished Creatures (collateral kills)
  5 adders
  2 giant cockroaches
  A goblin (D:3)
  A kobold (D:3)
  2 rats
11 creatures vanquished.

Grand Total: 278 creatures vanquished

Notes
Turn   | Place    | Note
-------+----------+-------------------------------------------
     0 | D:1      | kae the Draconian Transmuter began the quest for the Orb.
     0 | D:1      | Reached XP level 1. HP: 16/16 MP: 3/3
   365 | D:1      | Reached XP level 2. HP: 20/23 MP: 3/5
   373 | D:1      | Learned a level 2 spell: Sticks to Snakes
   818 | D:1      | Reached skill level 3 in Transmutations
   992 | D:2      | Reached XP level 3. HP: 14/28 MP: 4/6
  1467 | D:2      | You fall through a shaft!
  1669 | D:3      | Reached XP level 4. HP: 26/35 MP: 4/7
  2422 | D:2      | Found a deep blue altar of Sif Muna.
  2771 | D:4      | Noticed a phantom
  2865 | D:4      | Killed a phantom
  2865 | D:4      | Reached skill level 4 in Transmutations
  2865 | D:4      | Reached XP level 5. HP: 18/40 MP: 7/9
  3066 | D:4      | Found Fugoss's Book Boutique.
  3145 | D:4      | Gained mutation: You possess an exceptional clarity of
                  | mind. [potion of mutation]
  3145 | D:4      | Gained mutation: You are agile. (Dex +2) [potion of
                  | mutation]
  3333 | D:3      | Learned a level 3 spell: Spider Form
  3587 | D:4      | Found a white marble altar of Elyvilon.
  3665 | D:4      | Reached XP level 6. HP: 47/47 MP: 7/10
  3676 | D:4      | Reached skill level 5 in Transmutations
  3888 | D:4      | Found a sacrificial altar of Ru.
  4287 | D:5      | Entered Level 5 of the Dungeon
  4386 | D:5      | Found a shimmering altar of Xom.
  4481 | D:5      | Found Jolaf's Weapon Shop.
  4597 | D:5      | Noticed a sky beast
  4610 | D:5      | Killed a sky beast
  4610 | D:5      | Your scales start taking on an icy white colour.
  4610 | D:5      | Reached XP level 7. HP: 11/52 MP: 9/12
  4610 | D:5      | Gained mutation: Your flesh is cold resistant. (rC+) [White
                  | Draconian growth]
  5037 | D:5      | Reached skill level 5 in Unarmed Combat
  5037 | D:5      | Reached skill level 6 in Transmutations
  5256 | D:5      | Found a radiant altar of Vehumet.
  5257 | D:5      | Found a burning altar of Makhleb.
  5406 | D:5      | Became a worshipper of Makhleb the Destroyer
  5673 | D:6      | Found a staircase to the Ecumenical Temple.
  5722 | D:6      | Noticed Duvessa
  5723 | D:6      | Noticed Dowan
  5736 | D:6      | Killed Duvessa
  5746 | D:6      | Killed Dowan
  5746 | D:6      | Reached skill level 7 in Transmutations
  5746 | D:6      | Reached XP level 8. HP: 44/59 MP: 14/14
  5830 | D:6      | Identified the Compendium of Hurtful Weightlessness
  6395 | D:6      | Found a basalt altar of Yredelemnul.
  6510 | D:6      | Reached * piety under Makhleb
  6566 | D:6      | Found a runed translucent door.
  6567 | D:6      | Noticed Crazy Yiuf
  6745 | D:6      | Killed Crazy Yiuf
  6839 | D:7      | Reached skill level 5 in Spellcasting
  6996 | D:7      | Reached skill level 8 in Transmutations
  7517 | D:7      | Reached XP level 9. HP: 50/64 MP: 17/17
  7551 | D:7      | Found Haudghog's Food Shop.
  7806 | D:6      | Learned a level 5 spell: Blade Hands
  7885 | D:7      | Reached skill level 9 in Transmutations
  8004 | D:8      | Reached ** piety under Makhleb
  8703 | D:8      | Reached skill level 10 in Transmutations
  8814 | D:8      | Reached *** piety under Makhleb
  8957 | D:9      | Noticed Psyche
  9022 | D:9      | Noticed Gastronok
  9218 | D:9      | Noticed Joseph
  9278 | D:9      | Killed Psyche
  9278 | D:9      | Reached XP level 10. HP: 71/71 MP: 18/20
  9868 | D:9      | Killed Joseph
  9873 | D:9      | Reached skill level 11 in Transmutations
 10137 | D:9      | Reached **** piety under Makhleb
 10318 | D:9      | Killed Gastronok
 10318 | D:9      | Reached skill level 12 in Transmutations
 10318 | D:9      | Reached XP level 11. HP: 77/77 MP: 21/23
 10336 | D:9      | Found a staircase to the Orcish Mines.
 10690 | D:9      | Found a faded altar of an unknown god.
 10690 | D:9      | Found a faded altar of an unknown god.
 10695 | D:9      | Found a shimmering altar of Xom.
 10697 | D:9      | Found a sparkling altar of Nemelex Xobeh.
 10699 | D:9      | Found a snail-covered altar of Cheibriados.
 10940 | D:10     | Entered Level 10 of the Dungeon
 11246 | D:10     | Noticed a death yak
 11251 | D:10     | Noticed a death yak
 11275 | D:10     | Noticed a death yak
 11341 | D:10     | Noticed an orange crystal statue
 11644 | D:10     | Noticed a two-headed ogre
 11663 | D:10     | Killed a death yak
 11668 | D:10     | Killed a death yak
 11671 | D:10     | Killed a death yak
 11675 | D:10     | HP: 2/77 [porcupine (9)]
 11684 | D:10     | Mangled by a troll

Skill      XL: |  1  2  3  4  5  6  7  8  9 10 |
---------------+-------------------------------+-----
Transmutations | 3 4 5 7 8 10 12 | 12.8
Unarmed Combat | 4 5 6 7 9 |  9.7
Spellcasting   | 3 4 5 6 8 |  8.5
Fighting       | |  1.1
Dodging        | |  1.7

Action                   |  1- 3 |  4- 6 |  7- 9 | 10-12 || total
-------------------------+-------+-------+-------+-------++-------
Melee: Unarmed           |   122 |   198 |   465 |   252 ||  1037
       Kick              |     4 |       |       |       ||     4
       Tailslap          |     8 |    22 |    52 |    30 ||   112
       Headbutt          |     5 |     4 |     4 |       ||    13
       Punch             |     1 |     1 |    12 |     9 ||    23
 Cast: Beastly Appendage |    12 |     5 |     5 |       ||    22
       Sticks to Snakes  |     3 |    12 |     2 |       ||    17
       Spider Form       |       |     6 |    15 |     1 ||    22
       Blade Hands       |       |       |     8 |    15 ||    23
 Abil: Breathe Frost     |       |       |    13 |       ||    13
  Use: Scroll            |       |    13 |     8 |       ||    21
       Potion            |       |     2 |     1 |     3 ||     6
 Stab: Distracted        |       |     1 |     1 |       ||     2
       Sleeping          |       |       |     1 |     1 ||     2
  Eat: Chunk             |     3 |     7 |    21 |    10 ||    41
       Ration            |       |     1 |       |     1 ||     2
Armor: Skin              |    45 |    59 |   132 |   110 ||   346
Dodge: Dodged            |    63 |   127 |   272 |   147 ||   609
